 Dungeon Crawl Stone Soup version 0.24-a0-201-gf2055891f0 (webtiles) character file.

Game seed: 12806663846352272699

504 Hercules1031 the Shield-Bearer (level 7, -17/55 HPs)
             Began as a Formicid Fighter on Mar 23, 2019.
             Killed from afar by an orc (19 damage)
             ... with a wand of acid (5)
             ... on level 4 of the Dungeon.
             The game lasted 00:07:30 (2247 turns).

Hercules1031 the Shield-Bearer (Formicid Fighter)   Turns: 2247, Time: 00:07:30

Health: -17/55     AC:  6    Str: 23    XL:     7   Next: 41%
Magic:  7/7        EV:  6    Int:  7    God:
Gold:   252        SH: 15    Dex: 15    Spells: 6/6 levels left

rFire    . . .     SeeInvis +   a - +0 war axe
rCold    . . .     Gourm    .   n - +0 large shield
rNeg     . . .     Faith    .   r - +0 chain mail
rPois    .         Spirit   .   (helmet unavailable)
rElec    .         Reflect  .   (no cloak)
rCorr    .         Harm     .   (no gloves)
MR       .....                  e - +0 pair of boots
Stlth    ..........             (no amulet)
HPRegen  0.18/turn              u - +5 ring of dexterity
MPRegen  0.10/turn              (no ring)

@: corroded, very slightly contaminated, invisible
A: permanent stasis, dig shafts and tunnels, four strong arms, antennae 3
a: Dig, Shaft Self


You were on level 4 of the Dungeon.
You were full.

You visited 1 branch of the dungeon, and saw 4 of its levels.

You collected 252 gold pieces.

Inventory:

Hand Weapons
 a - a +0 war axe (weapon)
Armour
 b - a +0 scale mail
 c - a +0 shield
 e - a +0 pair of boots (worn)
 n - a +0 large shield (worn)
 q - a +1 cloak
 r - a +0 chain mail (worn)
Jewellery
 u - a +5 ring of dexterity (left hand)
Wands
 l - a wand of acid (9)
Scrolls
 h - a scroll of blinking {unknown}
 i - 2 scrolls of identify
 k - a scroll of fog {unknown}
 m - 2 scrolls of remove curse {unknown}
 o - a scroll of random uselessness {unknown}
Potions
 g - a potion of lignification
 s - 2 potions of might
 t - 2 potions of brilliance
Comestibles
 f - 6 rations


   Skills:
 + Level 4.9 Fighting
 + Level 3.7 Axes
 + Level 4.8 Armour
 + Level 2.6 Dodging
 + Level 5.3 Shields


You had 6 spell levels left.
You didn't know any spells.
Your spell library was empty.

Dungeon Overview and Level Annotations

Branches:
Dungeon (4/15)
 Temple: D:4-7

Altars:

Shops:
D:4 *


Innate Abilities, Weirdness & Mutations

You cannot be hasted, slowed, berserked, paralysed or teleported.
You can dig through walls and to a lower floor.
Your four strong arms can wield two-handed weapons with a shield.
You have a pair of large antennae on your head. (SInv)


Message History

You closely miss the orc. You block the orc's attack.
The orc zaps a wand.
The bolt of acid hits you!
* * * LOW HITPOINT WARNING * * *
The acid corrodes you!
You are splashed with acid!
* * * LOW HITPOINT WARNING * * *
Found a throwing net.
Items here: $ ) ? [ a +0 leather armour; a +1 dagger of venom; a scroll labeled POENUMMAST 18 gold pieces It was a potion of berserk rage.
Your stasis prevents you from going berserk.
The orc hits you but does no damage.
It was a potion of invisibility.
You fade into invisibility!
You block the orc's attack.
You are very lightly contaminated with residual magic.
It was a potion of magic.
Magic courses through your body. You block the orc's attack.
The orc zaps a wand.
The bolt of acid hits you!!
You die...

...............
∩............# #
.............#.##
.................
#...............
.#..............
........)o..#...
........#...#.##...
....... #@.).......
...... ##...#######
......##..#.#... ..
....#.#...#.#..#
..........#.#... ##
..####...##.#.$.{
........
#...#..#.(.
.....#...
##.#....#..# ....#
...# #..#....#...


You could see an orc.

Vanquished Creatures
  Sigmund (D:2)
  A scorpion (D:4)
  A howler monkey (D:4)
  An orc priest (D:4)
  Terence (D:2)
  2 worker ants (D:4)
  A hound skeleton (D:4)
  5 adders
  2 oozes
  5 worms
  A leopard gecko (D:1)
  9 orcs
  4 giant cockroaches
  3 goblins
  7 hobgoblins
  2 jackals (D:3)
  9 kobolds
  A quokka (D:2)
  8 bats
  3 frilled lizards
  11 rats
78 creatures vanquished.

Vanquished Creatures (others)
  An orc (D:4)
1 creature vanquished.

Grand Total: 79 creatures vanquished

Notes
Turn   | Place    | Note
-------+----------+-------------------------------------------
     0 | D:1      | Hercules1031 the Formicid Fighter began the quest for the
                  | Orb.
     0 | D:1      | Reached XP level 1. HP: 18/18 MP: 1/1
   131 | D:1      | Reached XP level 2. HP: 24/24 MP: 2/2
   828 | D:2      | Noticed Sigmund
   840 | D:2      | Reached XP level 3. HP: 12/29 MP: 3/3
   849 | D:2      | Killed Sigmund
   849 | D:2      | Reached skill level 1 in Dodging
   849 | D:2      | Reached skill level 4 in Shields
   849 | D:2      | Reached XP level 4. HP: 10/37 MP: 4/4
   849 | D:2      | Reached XP level 5. HP: 12/42 MP: 5/5
  1101 | D:2      | Reached XP level 6. HP: 41/48 MP: 6/6
  1319 | D:2      | Noticed Terence
  1332 | D:2      | Killed Terence
  2062 | D:4      | Reached skill level 5 in Shields
  2071 | D:4      | Reached XP level 7. HP: 41/55 MP: 7/7
  2234 | D:4      | Found Kaparir's General Store.
  2242 | D:4      | HP: 1/55 [acid (11)]
  2247 | D:4      | Killed from afar by an orc

Levels and vault maps discovered:
D:1:      lemuel_arrival_behind_the_door_large, layout_loops_corners
D:2:      kennysheep_six_static_rooms, layout_rooms, minmay_pentomino_t2,
          uniq_terence, uniq_sigmund
D:3:      layout_basic, grunt_decor_mini_mirrors
D:4:      layout_cave_pools, kennysheep_slug_shrine, gammafunk_ghost_split,
          first_ration, serial_shops, shop

Skill      XL: |  1  2  3  4  5  6 |
---------------+-------------------+-----
Fighting       | 4 |  4.9
Axes           | 3 |  3.7
Armour         | 4 |  4.8
Dodging        | 1 2 |  2.6
Shields        | 4 5 |  5.3

Action                   |  1- 3 |  4- 6 |  7- 9 || total
-------------------------+-------+-------+-------++-------
Melee: War axe           |    58 |   143 |    29 ||   230
  Use: Potion            |     2 |       |     6 ||     8
       Scroll            |       |     2 |     1 ||     3
  Eat: Ration            |       |     3 |       ||     3
Armor: Scale mail        |    29 |    28 |       ||    57
       Skin              |     2 |       |       ||     2
       Chain mail        |       |    58 |    17 ||    75
Dodge: Dodged            |    28 |    65 |     5 ||    98
Block: Shield            |    38 |    86 |       ||   124
       Large shield      |       |    58 |    22 ||    80

Table legend:
 A = Non-vault XP
 B = Vault XP
 C = Vault XP percentage of total XP
 D = Non-vault monster count
 E = Vault monster count
 F = Vault count percentage of total count
                 A         B        C        D         E       F
            +---------+---------+-------+---------+---------+-------
      Total |     438 |     282 |  39.2 |      69 |      10 |  12.7
            +---------+---------+-------+---------+---------+-------
        D:1 |      25 |       0 |   0.0 |      15 |       0 |   0.0
        D:2 |      81 |     282 |  77.7 |      23 |      10 |  30.3
        D:3 |      34 |       0 |   0.0 |      16 |       0 |   0.0
        D:4 |     298 |       0 |   0.0 |      15 |       0 |   0.0
            +---------+---------+-------+---------+---------+-------
